 Dungeon Crawl Stone Soup version 0.21-a0-633-g4c047d5f35 (webtiles) character file.

1003 NixNut the Chopper (level 8, -1/70 HPs)
             Began as a Red Draconian Fighter on Dec 29, 2017.
             Was an Initiate of Gozag.
             Slain by emikaela's ghost (13 damage)
             ... on level 4 of the Dungeon.
             The game lasted 00:33:05 (4262 turns).

NixNut the Chopper (Red Draconian Fighter)          Turns: 4262, Time: 00:33:05

Health: -1/70      AC: 11    Str: 21    XL:     8   Next: 0%
Magic:  0/8        EV: 13    Int:  9    God:    Gozag
Gold:   160        SH:  0    Dex: 10    Spells: 7/7 levels left

rFire    + . .     SeeInvis .   s - +2 whip (elec)
rCold    . . .     Gourm    .   (no shield)
rNeg     . . .     Faith    .   (armour unavailable)
rPois    .         Spirit   +   (helmet restricted)
rElec    .         Reflect  .   (no cloak)
rCorr    .         Harm     .   n - +0 pair of gloves
MR       .....                  (no boots)
Stlth    ++........             y - amulet of guardian spirit
HPRegen  0.21/turn              e - +4 ring of protection
MPRegen  0.11/turn              v - ring of stealth

@: short of breath
A: breathe fire, unfitting armour, fire resistance 1, cold-blooded, AC +6
a: Breathe Fire, Potion Petition, Call Merchant, Bribe Branch, Renounce Religion


You were on level 4 of the Dungeon.
You worshipped Gozag.
Gozag was aware of your devotion.
You were not hungry.

You visited 1 branch of the dungeon, and saw 4 of its levels.

You collected 231 gold pieces.
You paid 71 gold pieces to Gozag.

Inventory:

Hand Weapons
 a - a +0 war axe
 h - a +1 whip of venom
 s - a +2 whip of electrocution (weapon)
 u - a +2 morningstar of holy wrath
Armour
 b - a +1 shield
 n - a +0 pair of gloves (worn)
Jewellery
 e - a +4 ring of protection (left hand)
 g - an uncursed ring of flight
 v - a ring of stealth (right hand)
 y - an amulet of guardian spirit (around neck)
Wands
 l - a wand of acid (5)
Scrolls
 c - a scroll of identify
 f - 2 scrolls of remove curse
 j - a scroll of enchant armour
 r - a scroll of amnesia {unknown}
 t - a scroll of noise {unknown}
Potions
 m - a potion of brilliance {unknown}
 o - a potion of invisibility
Books
 x - a book of Conjurations

   Spells                             Type                      Level
   a - Magic Dart                     Conjuration                  1
   b - Searing Ray                    Conjuration                  2
   c - Dazzling Spray                 Conjuration/Hexes            3
   d - Fulminant Prism                Conjuration/Hexes            4
   e - Force Lance                    Conjuration/Translocation    4
   f - Iskenderun's Mystic Blast      Conjuration                  4
Comestibles
 d - 6 rations


   Skills:
 + Level 6.0 Fighting
 * Level 6.8 Axes
 - Level 4.8 Dodging
 + Level 3.3 Shields


You had 7 spell levels left.
You didn't know any spells.

Dungeon Overview and Level Annotations

Branches:
Dungeon (4/15)
 Temple: D:4-7

Altars:
Gozag
Sif Muna
Zin

Shops:
D:4 (

Annotations:
D:4 emikaela's ghost, novice TrTm


Innate Abilities, Weirdness & Mutations

You can breathe blasts of fire.
Your fiery red scales are hard. (AC +6)
You cannot fit into any form of body armour.
Your flesh is heat resistant. (rF+)
You are cold-blooded and may be slowed by cold attacks.


Message History

Emikaela's ghost barely misses you.
You hit emikaela's ghost.
Emikaela's ghost is heavily damaged.
Emikaela's ghost hits you!
You closely miss emikaela's ghost.
Emikaela's ghost is heavily damaged.
Emikaela's ghost hits you!!
* * * LOW HITPOINT WARNING * * *
Your magical contamination has completely faded away.
You feel better.
Emikaela's ghost hits you but does no damage.
You hit emikaela's ghost.
Emikaela's ghost is heavily damaged.
Emikaela's ghost hits you!!
* * * LOW HITPOINT WARNING * * *
As you read the scroll of fear, it crumbles to dust.
You assume a fearsome visage.
Emikaela's ghost is unaffected.
Emikaela's ghost hits you!
You die...
Your body crumbles into a pile of gold.

##..........##
##...........##
..........W...###
................##
............#....###
##.........###.....###
#.........# ###.....#
###.......## ##W.###
##......W.# ###@.##
.....##...####...##
...#####...##..$##
..## #.......## ..#
##......# ..# #......#
..# *#......#* ..#
*#....#...#* *** ..#
*#...####...#****,*


You could see emikaela's ghost.

Vanquished Creatures
  Pikel (D:4)
  A slave (D:4)
  An ogre (D:4)
  A scorpion (D:4)
  2 orc priests (D:4)
  3 orc wizards
  A bullfrog skeleton (D:4)
  Ijyb (D:3)
  Terence (D:3)
  An iguana (D:4)
  A gnoll (D:1)
  9 adders
  An ooze (D:2)
  An adder skeleton (D:4)
  2 dart slugs (D:1)
  2 leopard geckos
  5 orcs
  9 bats
  4 giant cockroaches
  4 goblins (D:3)
  6 hobgoblins
  4 jackals (D:2)
  4 quokkas (D:2)
  A ball python (D:1)
  5 frilled lizards
  9 kobolds
  A quokka skeleton (D:4)
  6 rats
87 creatures vanquished.

Vanquished Creatures (others)
  A slave (D:4)
  A worker ant (D:4)
  An adder (D:4)
  An orc (D:4)
4 creatures vanquished.

Grand Total: 91 creatures vanquished

Notes
Turn   | Place    | Note
-------+----------+-------------------------------------------
     0 | D:1      | NixNut the Draconian Fighter began the quest for the Orb.
     0 | D:1      | Reached XP level 1. HP: 19/19 MP: 1/1
   269 | D:1      | Reached XP level 2. HP: 26/26 MP: 2/2
   427 | D:1      | Reached XP level 3. HP: 8/31 MP: 3/3
  1578 | D:2      | Reached XP level 4. HP: 31/40 MP: 4/4
  2184 | D:3      | Noticed Ijyb
  2198 | D:3      | Killed Ijyb
  2198 | D:3      | Reached XP level 5. HP: 43/46 MP: 5/5
  2697 | D:3      | Found a deep blue altar of Sif Muna.
  2822 | D:3      | Noticed Terence
  2833 | D:3      | Killed Terence
  3246 | D:4      | Reached XP level 6. HP: 53/53 MP: 6/6
  3275 | D:4      | Noticed emikaela's ghost (novice TrTm)
  3490 | D:4      | Reached skill level 5 in Axes
  3632 | D:4      | Noticed Pikel
  3632 | D:4      | Noticed a slave
  3633 | D:4      | Noticed a slave
  3634 | D:4      | Noticed a slave
  3653 | D:4      | Noticed a slave
  3659 | D:4      | Killed Pikel
  3659 | D:4      | Reached skill level 5 in Fighting
  3659 | D:4      | Your scales start taking on a fiery red colour.
  3659 | D:4      | Reached XP level 7. HP: 49/62 MP: 5/7
  3659 | D:4      | Gained mutation: Your flesh is heat resistant. (rF+) [Red Draconian growth]
  3948 | D:4      | Found Mockooni's Weapon Shop.
  4038 | D:4      | Found an opulent altar of Gozag.
  4039 | D:4      | Found a glowing silver altar of Zin.
  4043 | D:4      | Became a worshipper of Gozag Ym Sagoz the Greedy
  4156 | D:4      | Reached XP level 8. HP: 70/70 MP: 8/8
  4262 | D:4      | Slain by emikaela's ghost

Vault maps used:
D:1:      minmay_arrival_doors
D:2:      first_ration
D:3:      serial_curves, eino_curves_01, eino_curves_04, tgw_sif, uniq_ijyb,
          uniq_terence
D:4:      cheibrodos_old_hovel, grunt_temple_overflow_gold_and_silver,
          serial_shops, nicolae_shop_behind_doors, uniq_pikel

Skill      XL: |  1  2  3  4  5  6  7 |
---------------+----------------------+-----
Dodging        | 3 4 |  4.8
Axes           | 3 4 6 |  6.8
Fighting       | 4 5 6 |  6.0
Shields        | |  3.3

Action                   |  1- 3 |  4- 6 |  7- 9 || total
-------------------------+-------+-------+-------++-------
Melee: War axe           |    61 |       |       ||    61
       Tailslap          |    10 |    17 |     9 ||    36
       Whip              |    41 |   157 |    36 ||   234
 Abil: Breathe Fire      |       |       |     3 ||     3
Evoke: Wand              |       |     1 |       ||     1
  Use: Scroll            |     2 |     6 |     4 ||    12
       Potion            |     1 |       |     5 ||     6
 Stab: Sleeping          |     1 |     4 |       ||     5
  Eat: Ration            |     1 |     2 |     1 ||     4
Armor: Skin              |    39 |    47 |    10 ||    96
Dodge: Dodged            |    72 |   111 |    23 ||   206

Table legend:
 A = Spawn XP
 B = Non-spawn XP
 C = Spawn XP percentage of total XP
 D = Spawn monster count
 E = Non-spawn monster count
 F = Spawn count percentage of total count
 G = Total turns spent on level
                    A         B        C        D         E        F      G
               +---------+---------+-------+---------+---------+-------+---------
         Total |       0 |    1433 |   0.0 |       0 |      86 |   0.0 |  4262
               +---------+---------+-------+---------+---------+-------+---------
           D:1 |       0 |      47 |   0.0 |       0 |      18 |   0.0 |  1156
           D:2 |       0 |     125 |   0.0 |       0 |      31 |   0.0 |  1028
           D:3 |       0 |     197 |   0.0 |       0 |      22 |   0.0 |  1102
           D:4 |       0 |    1064 |   0.0 |       0 |      15 |   0.0 |   976
               +---------+---------+-------+---------+---------+-------+---------
